 Dungeon Crawl Stone Soup version 0.26.1-11-gd32895ea62 (webtiles) character file.

Game seed: 7733129068085765107

5730 raph the Severer (level 10, -1/77 HPs)
             Began as a Hill Orc Fighter on May 11, 2021.
             Was a Believer of Beogh.
             Succumbed to a cane toad's poison
             ... on level 8 of the Dungeon.
             The game lasted 00:15:48 (11058 turns).

raph the Severer (Hill Orc Fighter)                Turns: 11058, Time: 00:15:49

Health: -1/77      AC: 17    Str: 20    XL:     10   Next: 77%
Magic:  0/6        EV:  9    Int: 12    God:    Beogh [**....]
Gold:   481        SH:  0    Dex: 13    Spells: 9/9 levels left

rFire    + . .     SeeInvis .   I - +1 battleaxe (antimagic)
rCold    . . .     Faith    .   (shield currently unavailable)
rNeg     . . .     Spirit   +   H - +1 plate armour of Esodgh {rF+ Will+ Int+4}
rPois    .         Reflect  .   o - +1 helmet
rElec    .         Harm     .   (no cloak)
rCorr    .         Rampage  .   s - +1 pair of gloves
Will     ++...                  y - +0 pair of boots
Stlth    ..........             e - amulet of guardian spirit
HPRegen  0.22/turn              p - +4 ring of evasion
MPRegen  0.10/turn              d - ring of willpower

@: lethally poisoned (-1 -> -48)
A: no striking features
a: Renounce Religion, Smiting


You were on level 8 of the Dungeon.
You worshipped Beogh.
Beogh was pleased with you.
You visited 2 branches of the dungeon, and saw 10 of its levels.
You also visited: Ossuary.

You collected 481 gold pieces.

Inventory:

Hand Weapons
 a - a +0 war axe
 I - a +1 antimagic battleaxe (weapon)
Missiles
 E - 4 javelins (quivered)
Armour
 b - a +0 scale mail
 c - a +0 kite shield
 j - a +0 chain mail
 o - a +1 helmet (worn)
 q - a +0 plate armour
 s - a +1 pair of gloves (worn)
 y - a +0 pair of boots (worn)
 H - the +1 plate armour of Esodgh (worn) {rF+ Will+ Int+4}
   (You found it on level 8 of the Dungeon)

   It affects your intelligence (+4).
   It protects you from fire.
   It affects your willpower, your defense against some magical effects.
Jewellery
 d - a ring of willpower (right hand)
 e - an amulet of guardian spirit (around neck)
 p - a +4 ring of evasion (left hand)
 D - an uncursed amulet of the acrobat
 K - an uncursed ring of protection from fire
Wands
 h - a wand of acid (12)
 z - a wand of flame (14)
 B - a wand of disintegration (9)
 F - a wand of random effects (22)
Scrolls
 g - 4 scrolls of remove curse
 n - 2 scrolls of magic mapping
 t - 2 scrolls of teleportation
 x - 2 scrolls of immolation
 A - 2 scrolls of amnesia {unknown}
 C - 5 scrolls of fog
Potions
 f - a potion of mutation
 i - 6 potions of brilliance
 k - 5 potions of curing
 l - 2 potions of ambrosia
 u - a potion of resistance
 w - a potion of magic {unknown}
 G - a potion of lignification {unknown}
 J - a potion of cancellation {unknown}


   Skills:
 - Level 3.6 Fighting
 - Level 16.0 Axes
 - Level 3.2 Armour
 - Level 3.2 Shields
 + Level 11.4 Invocations


You had 9 spell levels left.
You didn't know any spells.
Your spell library contained the following spells:

 Spells                   Type           Power        Failure   Level
 Animate Skeleton         Necr           0%           100%        1
 Pain                     Necr           0%           100%        1
 Vampiric Draining        Necr           0%           100%        3
 Animate Dead             Necr           0%           100%        4
 Agony                    Necr           0%           100%        5


Dungeon Overview and Level Annotations

Branches:
Dungeon (9/15)             Temple (0/1) D:5            Lair (1/6) D:8
    Orc (0/2) D:9         Ossuary (visited)

Altars:
Elyvilon
Nemelex Xobeh
Okawaru
Uskayaw
Yredelemnul

Shops:
D:7 :

Annotations:
D:3 Grinder


Message History

You hit the cane toad.
The cane toad is lightly wounded.
You slash the cane toad!
You feel sick. The cane toad stings you!
You are more poisoned.
The cane toad poisons you! The cane toad stings you!
The cane toad barely misses you.
You are too injured to fight recklessly!
You are too injured to fight recklessly!
You are too injured to fight recklessly!
You are too injured to fight recklessly!
You are too injured to fight recklessly!
You are too injured to fight recklessly!
* * * LOW HITPOINT WARNING * * *
You feel very sick. The cane toad stings you!
* * * LOW HITPOINT WARNING * * *
You are more poisoned.
The cane toad poisons you! The cane toad stings you!
* * * LOW HITPOINT WARNING * * *
You die...

...# #.##....#####...####).###
...### ##.##..##.......## ##.#
##...# #..#.....<..###..# #.#
..##.# #.##.....†.P..##.## #.#
#.##.###.#..P............# #.#
...(........P.....PPP..P.####.#
..##.###..P..P.....P.P.....##.#
.....#...P....P.........P..##.#
#.#..#.....P....@PP.P.P.....#.#
#.......P.P..P..[.......P..P#.#
##..........P....FF...P.....#.#
##..<................P.......#
#..............P...)..P.P...#
##.#.....PPP(....P......P.#.#
####.....P..............[..##.#
#....###..PP.........P...).##.###
#..[.# ###..P....P..P...[>....#[.


You could see 2 cane toads.

Vanquished Creatures
  2 shadows (D:9)
  2 wyverns
  5 yaks (D:8)
  3 water moccasins (D:8)
  2 orc warriors (D:7)
  4 ice beasts
  A sky beast (D:7)
  A phantom (D:7)
  6 ogres
  3 centaurs
  2 big kobolds
  3 bullfrogs (D:8)
  6 scorpions
  A troll zombie (D:9)
  12 killer bees
  3 wights (D:8)
  A howler monkey (D:5)
  2 bullfrog zombies
  2 jellies
  3 orc priests
  A gnoll shaman (D:6)
  6 hounds
  2 bullfrog skeletons
  8 orc wizards
  An iguana (D:8)
  5 worker ants
  An ogre zombie (D:9)
  2 big kobold zombies (Ossuary)
  2 mummies (Ossuary)
  A howler monkey skeleton (D:8)
  5 gnolls (D:6)
  10 adders
  A shadow imp (D:8)
  A white imp (D:5)
  2 ufetubi
  An ooze (D:2)
  An adder skeleton (D:7)
  3 adder zombies
  4 dart slugs
  2 worms
  9 leopard geckos
  29 orcs
  9 bats
  A giant cockroach (D:1)
  4 gnoll zombies (Ossuary)
  7 goblins
  4 hobgoblins
  16 jackals
  18 kobolds
  5 quokkas
  A ball python (D:2)
  5 frilled lizards
  A goblin zombie (D:9)
  3 hobgoblin zombies
  2 kobold zombies (Ossuary)
  A leopard gecko skeleton (D:4)
  An orc skeleton (D:9)
  14 orc zombies
  A quokka zombie (D:4)
  12 rats
266 creatures vanquished.

Vanquished Creatures (others)
  44 fungi
  37 plants
81 creatures vanquished.

Grand Total: 347 creatures vanquished

Notes
Turn   | Place    | Note
-------+----------+-------------------------------------------
     0 | D:1      | raph the Hill Orc Fighter began the quest for the Orb.
     0 | D:1      | Reached XP level 1. HP: 19/19 MP: 1/1
    70 | D:1      | Reached skill level 3 in Axes
   105 | D:1      | Reached XP level 2. HP: 26/26 MP: 2/2
   241 | D:1      | Reached skill level 4 in Axes
   465 | D:1      | Reached XP level 3. HP: 20/31 MP: 3/3
  1289 | D:2      | Reached skill level 5 in Axes
  1736 | D:2      | Reached XP level 4. HP: 35/39 MP: 4/4
  1906 | D:2      | Reached skill level 6 in Axes
  2015 | D:2      | Noticed a +0 hand axe
  2015 | D:2      | Noticed a +0 dagger
  2019 | D:2      | Found a hide-covered altar of Uskayaw.
  2500 | D:3      | Reached XP level 5. HP: 41/45 MP: 5/5
  2557 | D:3      | Noticed Grinder
  2746 | D:3      | Found a basalt altar of Yredelemnul.
  2777 | D:3      | Reached skill level 7 in Axes
  3335 | D:3      | Found an iron altar of Okawaru.
  3696 | D:4      | Reached skill level 8 in Axes
  3696 | D:4      | Reached XP level 6. HP: 35/51 MP: 4/6
  4195 | D:4      | Found a sparkling altar of Nemelex Xobeh.
  4231 | D:4      | Found a sand-covered staircase.
  4239 | Ossuary  | Entered an ossuary
  4370 | Ossuary  | Reached skill level 9 in Axes
  4590 | D:5      | Entered Level 5 of the Dungeon
  4603 | D:5      | Found a staircase to the Ecumenical Temple.
  4650 | D:5      | Reached XP level 7. HP: 32/57 MP: 4/7
  4658 | D:5      | Reached skill level 10 in Axes
  5207 | D:5      | Reached skill level 11 in Axes
  5246 | D:5      | Reached XP level 8. HP: 64/64 MP: 8/8
  6039 | D:6      | Reached skill level 12 in Axes
  6463 | D:6      | Reached skill level 13 in Axes
  6583 | D:6      | Found a white marble altar of Elyvilon.
  7308 | D:7      | Reached XP level 9. HP: 60/70 MP: 6/9
  7348 | D:7      | Reached skill level 14 in Axes
  7675 | D:7      | Found Uler's Book Emporium.
  8108 | D:7      | Became a worshipper of Beogh the Brigand
  8142 | D:7      | Reached skill level 15 in Axes
  8192 | D:7      | Reached skill level 1 in Invocations
  9033 | D:8      | Reached * piety under Beogh
  9256 | D:8      | Reached skill level 16 in Axes
  9267 | D:8      | Reached skill level 5 in Invocations
  9278 | D:8      | Reached XP level 10. HP: 72/77 MP: 12/14
  9481 | D:8      | Found a staircase to the Lair.
  9713 | D:8      | Reached ** piety under Beogh
  9892 | D:8      | Got a translucent plate armour
  9904 | D:8      | Identified the +1 plate armour of Esodgh {rF+ Will+ Int+4}
                  | (You found it on level 8 of the Dungeon)
 10018 | D:8      | Reached skill level 10 in Invocations
 10187 | D:9      | Found a staircase to the Orcish Mines.
 10461 | Lair:1   | Entered Level 1 of the Lair of Beasts
 10631 | Lair:1   | Noticed a cane toad
 10646 | Lair:1   | Noticed a cane toad
 10658 | Lair:1   | Noticed a cane toad
 10681 | Lair:1   | HP: 3/77 [killer bee (3)]
 10682 | D:8      | HP: 1/77 [poisoned by a killer bee]
 11057 | D:8      | HP: 1/77 [cane toad (7)]
 11058 | D:8      | Succumbed to a cane toad's poison

Illustrated notes

Levels and vault maps discovered:
D:1:      dpeg_arrival_rhombi, layout_loops_ring
D:2:      layout_rooms, dancing_weapons_uskayaw
D:3:      layout_basic, old_standard_altar, okawaru_trees_2, uniq_grinder
D:4:      layout_rooms, chequers_ossuary_entry_cave,
          eino_small_chamber_without_monster, nemelex_diamond_rough_becter
D:5:      layout_basic, minmay_temple_entry_from_below_b,
          minmay_tree_intersection, hangedman_decor_clover_reticule
D:6:      layout_basic, elyvilon_altar_1
D:7:      layout_basic, serial_shops, shop
D:8:      layout_rooms, due_lair_maze_entry_diamond
D:9:      layout_loops_ring, makhleb_grotto_becter, zombieorc1_lemuel,
          minivault_28, uniq_joseph
Lair:1:   layout_roguey [special_room_bee], gauntlet_entry_generic,
          beast_lair_carwin_1, serial_bayou_shore_b

Skill      XL: |  1  2  3  4  5  6  7  8  9 10 |
---------------+-------------------------------+-----
Axes           | 3 4 5 6 8 9 11 13 16 | 16.0
Invocations    | 6 11 | 11.4
Fighting       | |  3.6
Armour         | |  3.2
Shields        | |  3.2

Action                   |  1- 3 |  4- 6 |  7- 9 | 10-12 || total
-------------------------+-------+-------+-------+-------++-------
Melee: War axe           |   141 |   295 |   447 |   127 ||  1010
       Battleaxe         |       |       |       |   102 ||   102
Invok: Convert to Beogh  |       |       |     1 |       ||     1
  Use: Scroll            |       |    12 |     5 |     2 ||    19
       Potion            |       |     1 |     1 |     7 ||     9
Armor: Scale mail        |    87 |    72 |       |       ||   159
       Chain mail        |       |    40 |       |       ||    40
       Plate armour      |       |    45 |   167 |   128 ||   340
Dodge: Dodged            |    48 |   128 |   103 |    91 ||   370
Block: Kite shield       |    77 |   165 |   152 |    47 ||   441
